 Dungeon Crawl Stone Soup version 0.32-a0-732-ga344392067 (webtiles) character file.

Game seed: 15614076080247671059

2 Goblin1989 the Sneak (level 1, -2/18 HPs)
             Began as a Demonspawn Delver on Mar 17, 2024.
             Succumbed to an adder's poison
             ... on level 3 of the Dungeon.
             The game lasted 00:00:51 (129 turns).

Goblin1989 the Sneak (Demonspawn Delver)             Turns: 129, Time: 00:00:51

Health: -2/18      AC:  3    Str: 12    XL:     1   Next: 25%
Magic:  1/1        EV: 10    Int: 10    God:
Gold:   0          SH:  4    Dex: 14    Spells: 0/0 levels left

rFire   . . .        a - +0 mace
rCold   . . .        i - +0 buckler
rNeg    . . .        b - +0 leather armour
rPois   .            (no helmet)
rElec   .            (no cloak)
rCorr   .            (no gloves)
SInv    .            (no boots)
Will    .....        (no amulet)
Stlth   ++           (no ring)
HPRegen 0.23/turn    (no ring)
MPRegen 0.07/turn

%: no passive effects
@: lethally poisoned (-2 -> -16)
A: no striking features
a: no special abilities


You were on level 3 of the Dungeon.
You visited 1 branch of the dungeon, and saw 3 of its levels.

Inventory:

Hand Weapons
 a - a +0 mace (weapon)
Armour
 b - a +0 leather armour (worn)
 i - a +0 buckler (worn)
Wands
 g - a wand of digging (3) {@v3}
Scrolls
 c - a scroll of fog
 d - a scroll of revelation
 e - a scroll of fear
 j - a scroll of teleportation {unknown}
Potions
 f - a potion of haste {@q3,}
 h - a potion of curing {unknown}


   Skills:
 - Level 3.0 Fighting
 + Level 2.0 Maces & Flails
 - Level 1.7 Dodging
 - Level 4.5 Stealth


You couldn't memorise any spells.
You didn't know any spells.
Your spell library was empty.

Dungeon Overview and Level Annotations

Branches:
Dungeon (5/15) Zot: 17867
 Temple: D:4-7

Altars:

Shops:
D:5 :


Message History

If you return without finding the Orb of Zot, so far below, it's all over!
Press ? for a list of commands and other information.
Found a stone staircase leading down and a stone staircase leading up.
You open the door.
Found a silvery potion.
Found Udawkeiss's Book Shop.
There is an open door here.
There is an entrance to Udawkeiss's Book Shop here.
h - a silvery potion
There is an entrance to Udawkeiss's Book Shop here.
There is an open door here.
There is a stone staircase leading up here.
Found a stone staircase leading down.
There is a stone staircase leading up here.
You climb upwards.
Found a buckler and a scroll labelled CIUNUTZ XYRUEDU.
There is a stone staircase leading down here.
You see here a +0 buckler.
i - a +0 buckler You start putting on your armour.
You continue putting on your +0 buckler. x4
You finish putting on your +0 buckler.
There is a stone staircase leading down here.
j - a scroll labelled CIUNUTZ XYRUEDU
Found a chain mail.
Found a stone staircase leading up.
An endoplasm comes into view.
An orc priest comes into view.
It is wielding a +0 hand axe. 2 orcs come into view.
There is a stone staircase leading up here.
The endoplasm quivers.
You climb upwards.
There is a stone staircase leading down here.
You open the door.
An orc comes into view. It is wielding a +0 war axe.
The orc shouts!
You hear an angry hiss.
Found a scroll labelled LIGRO ETHRUA.
There is an open door here.
An adder comes into view.
The orc hits you with a +0 war axe!
Ouch! That really hurt!
* * * LOW HITPOINT WARNING * * *
You take 10 damage, and have 8/18 hp.
MASSIVE DAMAGE!!
The orc attacks as it pursues you! The orc closely misses you.
There is an open door here.
The orc attacks as it pursues you! The orc closely misses you.
You barely miss the orc. The orc closely misses you.
You hit the orc.
The orc is lightly wounded.
The orc closely misses you.
You hit the orc.
The orc is severely wounded.
The orc hits you but does no damage. The orc closely misses you.
You hit the orc.
You kill the orc!
Your Maces & Flails skill increases to level 2!
There is an open door here.
Things that are here:
a +0 war axe; a +0 chain mail You open the door.
There is an open door here.
Found a long sword.
You open the door.
There is an open door here.
You see here a +0 long sword.
You open the door.
There is an open door here.
You see here a +0 long sword.
There is an open door here.
Health restored: 18 The adder hisses angrily.
You closely miss the adder. The adder closely misses you.
You block the adder's attack.
You closely miss the adder. The adder bites you but does no damage.
You miss the adder. The adder bites you. x2
You are poisoned.
The adder poisons you!
You take 7 damage, and have 11/18 hp.
MASSIVE DAMAGE!!
You hit the adder.
The adder is heavily wounded.
You feel sick.
The adder bites you but does no damage. x2
You take 2 damage, and have 9/18 hp.
You barely miss the adder.
The adder is heavily wounded.
You feel sick. The adder bites you.
* * * LOW HITPOINT WARNING * * *
You are lethally poisoned!
The adder poisons you! You block the adder's attack.
You take 2 damage, and have 7/18 hp.
You closely miss the adder.
The adder is heavily wounded.
* * * LOW HITPOINT WARNING * * *
You feel very sick. The adder bites you.
* * * LOW HITPOINT WARNING * * *
You are more poisoned.
The adder poisons you! You block the adder's attack.
You take 5 damage, and have 2/18 hp.
MASSIVE DAMAGE!!
You hit the adder but do no damage.
The adder is heavily wounded.
You die...

███.?.....███████
..........)..>..█
██.......███....█
....█.█∆██████.█.█
██ █..............
█.█.██████.█.██
...█.█ .█S..
█████.█.█ .█ .█
█.@S..█.█ ....█
█.█████.███████..
█.█ █.........
█.█████......██
█.....∆......█ █
███████.)....██.█
█......∆..█
█......████


████████ You could see an adder.

Vanquished Creatures
  An orc (D:3)
1 creature vanquished.

Notes
Turn   | Place    | Note
-------+----------+-------------------------------------------
     0 | D:5      | Goblin1989 the Demonspawn Delver began the quest for the
                  | Orb.
     0 | D:5      | Reached XP level 1. HP: 18/18 MP: 1/1
     3 | D:5      | Found Udawkeiss's Book Shop.
    67 | D:4      | Noticed an orc priest
   129 | D:3      | Succumbed to an adder's poison

Illustrated notes

Levels and vault maps discovered:
D:3:      layout_basic, nicolae_overflow_hallway_of_the_gods, minmay_cupped
D:4:      layout_loops_ring, gammafunk_ghost_split, serial_glass,
          glass_columns_b, glass_columns_b
D:5:      minmay_clustersquares, layout_basic, grunt_temple_overflow_cloverleaf,
          serial_shops, nicolae_shop_back_alley_shop,
          nicolae_shop_rolling_square, nicolae_shop_tiny_statue_garden

Skill      XL: |  1 |
---------------+----+-----
Maces & Flails | 2 |  2.0
Fighting       | |  3.0
Dodging        | |  1.7
Stealth        | |  4.5

Action                     || total
---------------------------++-------
  Melee: Mace              ||    11
 Armour: Leather armour    ||     9
  Dodge: Dodged            ||     6
  Block: Buckler           ||     3

Table legend: (Time is in decaauts)
 A = Elapsed time spent in this place.
 B = Non-inter-level travel time spent in this place.
 C = Inter-level travel time spent in this place.
 D = Time resting spent in this place.
 E = Time spent auto-exploring this place.
 F = Levels seen in this place.
 G = Mean time per level.
                   A        B        C        D        E       F      G
               +--------+--------+--------+--------+--------+-----+--------+
         Total |    132 |    132 |      0 |      0 |      0 |   3 |   44.0 |
       Dungeon |    132 |    132 |      0 |      0 |      0 |   3 |   44.0 |
               +--------+--------+--------+--------+--------+-----+--------+

Top non-repeatable levels by time:
     D:3: 62 daAuts
     D:5: 36 daAuts
     D:4: 33 daAuts
